 Dungeon Crawl Stone Soup version 0.20.0-8-g6b59dc7 (webtiles) character file.

768 SpaceCop the Placeless Spriggan (level 7, -9/33 HPs)
             Began as a Spriggan Warper on June 1, 2017.
             Was an Initiate of Gozag.
             Killed by nerve-wracking pain
             ... invoked by a shadow imp
              (14 damage)
             ... on level 5 of the Dungeon.
             The game lasted 00:16:47 (5495 turns).

SpaceCop the Placeless Spriggan (Spriggan Warper)   Turns: 5495, Time: 00:16:48

Health: -9/33      AC:  2    Str:  7    XL:     7   Next: 52%
Magic:  19/19      EV: 19    Int: 17    God:    Gozag
Gold:   525        SH:  0    Dex: 15    Spells: 5/21 levels left

rFire    . . .     SeeInvis +   m - +0 whip (venom)
rCold    . . .     Gourm    .   (shield restricted)
rNeg     . . .     Faith    .   b - +0 robe
rPois    +         Spirit   .   (helmet restricted)
rElec    .         Reflect  .   (no cloak)
rCorr    .         Harm     .   (gloves unavailable)
MR       +....                  (boots unavailable)
Stlth    +.........             (no amulet)
Regen    0.2/turn               A - ring of poison resistance
MPRegen  0.2/turn               (no ring)

@: very quick
A: unfitting armour, see invisible, herbivore 3, speed 3, slow metabolism 2
a: Potion Petition, Call Merchant, Bribe Branch, Renounce Religion


You were on level 5 of the Dungeon.
You worshipped Gozag.
Gozag was pleased with you.
You were not hungry.

You visited 1 branch of the dungeon, and saw 5 of its levels.

You collected 543 gold pieces.
You paid 18 gold pieces to Gozag.

Inventory:

Hand Weapons
 a - a +0 short sword
 m - a +0 whip of venom (weapon)
Missiles
 i - 134 stones (quivered)
 E - 35 sling bullets
Armour
 b - a +0 robe (worn)
 l - a +0 cloak
Magical Staves
 x - an uncursed staff of summoning
Jewellery
 A - a ring of poison resistance (left hand)
Wands
 u - a wand of flame (23/48)
 w - a wand of confusion (15/48)
 y - a wand of random effects (31/48)
Scrolls
 d - 2 scrolls of blinking
 e - 2 scrolls of teleportation {unknown}
 j - 4 scrolls of remove curse {unknown}
 n - 2 scrolls of magic mapping {unknown}
 o - 4 scrolls of fog {unknown}
 p - 8 scrolls of identify {unknown}
 q - a scroll of immolation {unknown}
 s - a scroll of enchant armour {unknown}
Potions
 g - a potion of cancellation {unknown}
 h - 6 potions of curing {unknown}
 k - 2 potions of magic {unknown}
 r - a potion of invisibility {unknown}
 t - 3 potions of ambrosia {unknown}
 v - a potion of degeneration {unknown}
 z - a potion of flight {unknown}
 B - a potion of heal wounds {unknown}
 D - 2 potions of lignification {unknown}
Books
 c - a book of Spatial Translocations

   Spells                             Type                      Level
   a - Blink                          Translocation                2
   b - Shroud of Golubria             Charms/Translocation         2
   c - Lesser Beckoning               Translocation                3
   d - Gell's Gravitas                Translocation                3
   e - Teleport Other                 Translocation                3
   f - Passage of Golubria            Translocation                4
 C - a book of Maledictions

   Spells                             Type                      Level
   a - Corona                         Hexes                        1
   b - Ensorcelled Hibernation        Hexes/Ice                    2
   c - Confuse                        Hexes                        3
   d - Tukima's Dance                 Hexes                        3
   e - Dazzling Spray                 Conjuration/Hexes            3
Comestibles
 f - 5 bread rations


   Skills:
 - Level 1.5 Fighting
 - Level 2.1 Short Blades
 - Level 1.0 Throwing
 - Level 3.7 Dodging
 + Level 7.9 Spellcasting
 + Level 0.5 Hexes
 + Level 9.0 Translocations


You had 5 spell levels left.
You knew the following spells:

 Your Spells              Type           Power        Failure   Level  Hunger
a - Shroud of Golubria    Chrm/Tloc      ###.......   2%          2    None
b - Blink                 Tloc           N/A          1%          2    None
c - Gell's Gravitas       Tloc           #####.....   1%          3    #......
d - Passage of Golubria   Tloc           N/A          2%          4    ###....
e - Ensorcelled Hibernat  Hex/Ice        #.....       14%         2    None
f - Tukima's Dance        Hex            #.......     26%         3    #......


Dungeon Overview and Level Annotations

Branches:
Dungeon (5/15)
 Temple: D:4-7

Altars:
Ashenzari
Gozag
Kikubaaqudgha
Sif Muna

Annotations:
D:4 Grinder


Innate Abilities, Weirdness & Mutations

You are very small and have problems with some larger weapons.
You are too small for most types of armour.
You have supernaturally acute eyesight. (SInv)
You are a herbivore.
You cover ground extremely quickly.
You need consume almost no food.


Message History

Your +0 whip of venom begins to drip with poison!
m - a +0 whip of venom (weapon)
You swing at nothing.
You open the door.
There is an open door here.
As you close the door, it creaks loudly!
You open the door.
There is an open door here.
A shadow imp comes into view.
The shadow imp shouts!
The shadow imp gestures at you. Pain shoots through your body!
The shadow imp gestures at you. Pain shoots through your body!
* * * LOW HITPOINT WARNING * * *
The shadow imp spits at you. The shadow imp gestures at you.
Pain shoots through your body!
You die...
Your body crumbles into a pile of gold.

#......#...........
#......#....>......
#......#...........
#......#...........
#......#...........
#.5....#......≈.≈≈.
#......#.....≈≈≈≈≈≈
#......#.....P≈≈≈≈.
#.@....#....<..≈.≈.
#......#..........P
#......#.........#.
##'#####.........#
#......#.......###
#......+.......#
#......#.......#
#......#.......#
######+#.......#


You could see a shadow imp.

Vanquished Creatures
  Eustachio (D:4)
  Edmund (D:3)
  2 ogres (D:4)
  A scorpion (D:4)
  A howler monkey (D:4)
  An iguana (D:4)
  2 orc wizards (D:4)
  A worker ant (D:4)
  4 adders
  An ooze (D:1)
  An adder skeleton (D:4)
  2 worms
  A dart slug (D:1)
  3 leopard geckos
  5 orcs (D:4)
  8 bats
  7 giant cockroaches
  8 goblins
  4 hobgoblins
  8 jackals
  A ball python (D:1)
  7 frilled lizards
  A jackal zombie (D:5)
  9 kobolds
  4 rats
84 creatures vanquished.

Vanquished Creatures (others)
  A dancing weapon (D:4)
  An orc wizard (D:4)
2 creatures vanquished.

Grand Total: 86 creatures vanquished

Notes
Turn   | Place    | Note
-------+----------+-------------------------------------------
     0 | D:1      | SpaceCop the Spriggan Warper began the quest for the Orb.
     0 | D:1      | Reached XP level 1. HP: 10/10 MP: 5/5
   368 | D:1      | Reached XP level 2. HP: 11/14 MP: 7/7
   824 | D:1      | Learned a level 2 spell: Shroud of Golubria
   827 | D:1      | Learned a level 2 spell: Blink
   928 | D:1      | Reached XP level 3. HP: 17/18 MP: 9/9
  1439 | D:2      | Found an opulent altar of Gozag.
  1466 | D:2      | Became a worshipper of Gozag Ym Sagoz the Greedy
  1564 | D:2      | Reached skill level 5 in Translocations
  1657 | D:2      | Reached XP level 4. HP: 12/22 MP: 11/11
  1799 | D:2      | Learned a level 3 spell: Gell's Gravitas
  1804 | D:2      | Learned a level 4 spell: Passage of Golubria
  2047 | D:2      | Reached skill level 5 in Spellcasting
  2238 | D:3      | Found an ancient bone altar of Kikubaaqudgha.
  2499 | D:3      | Found a shattered altar of Ashenzari.
  2981 | D:4      | Noticed Edmund
  2981 | D:4      | Noticed an ogre
  3117 | D:3      | Killed Edmund
  3117 | D:3      | Reached skill level 6 in Translocations
  3117 | D:3      | Reached XP level 5. HP: 20/25 MP: 12/14
  3251 | D:4      | Reached skill level 7 in Translocations
  3251 | D:4      | Reached XP level 6. HP: 24/30 MP: 16/16
  3700 | D:4      | Learned a level 2 spell: Ensorcelled Hibernation
  3704 | D:4      | Learned a level 3 spell: Tukima's Dance
  3827 | D:4      | Reached skill level 8 in Translocations
  3827 | D:4      | Reached XP level 7. HP: 5/33 MP: 4/18
  4193 | D:4      | Noticed Grinder
  4317 | D:4      | Noticed Eustachio
  4325 | D:4      | Killed Eustachio
  4492 | D:4      | Reached skill level 9 in Translocations
  4548 | D:4      | Found a deep blue altar of Sif Muna.
  4669 | D:4      | Paralysed by Grinder for 3 turns
  4912 | D:5      | Entered Level 5 of the Dungeon
  5495 | D:5      | Killed from afar by a shadow imp

Skill      XL: |  1  2  3  4  5  6  7 |
---------------+----------------------+-----
Spellcasting   | 3 4 6 7 |  7.9
Translocations | 5 6 7 8 9 |  9.0
Fighting       | |  1.5
Short Blades   | |  2.1
Throwing       | |  1.0
Dodging        | |  3.7
Hexes          | |  0.5

Action                   |  1- 3 |  4- 6 |  7- 9 || total
-------------------------+-------+-------+-------++-------
Melee: Short sword       |    71 |       |    24 ||    95
       Whip              |    74 |    98 |    12 ||   184
Throw: Tomahawk          |     5 |       |       ||     5
       Stone             |    16 |    50 |     8 ||    74
 Cast: Gell's Gravitas   |       |    11 |    21 ||    32
       Tukima's Dance    |       |     2 |       ||     2
       Ensorcelled Hiber |       |     1 |     2 ||     3
       Blink             |       |       |     2 ||     2
 Stab: Sleeping          |     1 |       |       ||     1
  Eat: Bread ration      |       |     1 |       ||     1
Armor: Robe              |    10 |     5 |     4 ||    19
Dodge: Dodged            |   134 |    68 |    46 ||   248
